 Dungeon Crawl Stone Soup version 0.18-b1-16-g289874d (webtiles) character file.

7146 Peloso the Blocker (level 10, -1/88 HPs)
             Began as a Minotaur Fighter on May 1, 2016.
             Was an Elder of Okawaru.
             Killed by drain life
             ... invoked by a soul eater
             ... summoned by an orc sorcerer
              (16 damage)
             ... on level 2 of the Orcish Mines.
             The game lasted 00:34:52 (8886 turns).

Peloso the Blocker (Minotaur Fighter)               Turns: 8886, Time: 00:34:52

Health: -1/88      AC: 20    Str: 22    XL:     10   Next: 85%
Magic:  9/9        EV:  8    Int:  5    God:    Okawaru [****..]
Gold:   741        SH: 14    Dex: 12    Spells: 0 memorised, 9 levels left

rFire  . . .     SeeInvis .     a - +1 long sword (elec)
rCold  . . .     Gourm    .     G - +1 plate armour
rNeg   . . .     Faith    .     c - +0 shield
rPois  .         Spirit   .     (helmet restricted)
rElec  .         Dismiss  .     I - +2 cloak
rCorr  .         Reflect  +     (no gloves)
SustAt +         Harm     .     o - +0 pair of boots
MR     .....                    y - +2 amulet of reflection
Stlth  ..........               (no ring)
                                n - ring of sustain attributes

@: not resistant to hostile enchantments, extremely unstealthy
A: retaliatory headbutt, horns 2
a: Heroism, Renounce Religion


You were on level 2 of the Orcish Mines.
You worshipped Okawaru.
Okawaru was greatly pleased with you.
You were not hungry.

You visited 3 branches of the dungeon, and saw 12 of its levels.

You collected 741 gold pieces.

Inventory:

Hand Weapons
 a - a +1 long sword of electrocution (weapon)
 D - a +0 whip of flaming
 F - the +9 rapier of Dithmenos's Supremacy {drain, Str+3}
   (You found it on level 6 of the Dungeon)

   A truly terrible weapon, it drains the life of those it strikes.
   It affects your strength (+3).
Armour
 c - a +0 shield (worn)
 o - a +0 pair of boots (worn)
 G - a +1 plate armour (worn)
 I - a +2 cloak (worn)
Jewellery
 n - a ring of sustain attributes (left hand)
 y - a +2 amulet of reflection (around neck)
Wands
 d - a wand of polymorph (11/24)
 g - a wand of acid (8/15)
 j - a wand of polymorph (15/24)
 H - a wand of iceblast (10/15)
Scrolls
 h - 2 scrolls of enchant weapon
 l - 2 scrolls of remove curse
 m - 2 scrolls of brand weapon
 u - 2 scrolls of amnesia
 C - 3 scrolls of identify
Potions
 e - 2 potions of curing
 q - 3 potions of haste
 v - a potion of invisibility
 x - 2 potions of flight
 E - a potion of agility
Books
 t - a book of Annihilations

   Spells                             Type                      Level
   a - Poison Arrow                   Conjuration/Poison           6
   b - Chain Lightning                Conjuration/Air              8
   c - Lehudib's Crystal Spear        Conjuration/Earth            8
   d - Glaciate                       Conjuration/Ice              9
   e - Fire Storm                     Conjuration/Fire             9
 J - a book of Transfigurations

   Spells                             Type                      Level
   a - Irradiate                      Conjuration/Transmutation    5
   b - Statue Form                    Transmutation/Earth          6
   c - Hydra Form                     Transmutation                6
   d - Dragon Form                    Transmutation                7
Comestibles
 b - a slice of pizza
 f - 4 bread rations
 i - 6 meat rations
 k - 9 chunks of flesh
 r - a beef jerky
 z - 2 fruits


   Skills:
 + Level 8.2 Fighting
 + Level 0.2(6.0) Short Blades
 + Level 10.4 Long Blades
 + Level 10.1 Armour
 + Level 5.1 Dodging
 + Level 0.6 Stealth
 + Level 11.2 Shields
 + Level 1.0 Invocations


You had 9 spell levels left.
You didn't know any spells.

Dungeon Overview and Level Annotations

Branches:
Dungeon (9/15)             Temple (1/1) D:6             Orc (2/2) D:9
   Lair: D:8-11         Elf: Orc:2

Altars:
Ashenzari
Cheibriados
Dithmenos
Elyvilon
Fedhas
Gozag
Kikubaaqudgha
Makhleb
Nemelex Xobeh
Okawaru
Pakellas
Qazlal
Ru
Sif Muna
Trog
Xom
Yredelemnul
Zin
The Shining One

Shops:
Orc:2 *

Annotations:
D:8 exclusions: obsidian statue and orange crystal statue
D:9 6a6kaBkacke's ghost, novice MiBe


Innate Abilities, Weirdness & Mutations

You reflexively headbutt those who attack you in melee.
You have a pair of horns on your head.


Message History

Your Invocations skill increases to level 1!
The red devil disappears in a puff of smoke!
The sixfirhy disappears in a puff of smoke!
You hit the soul eater but do no damage.
You headbutt the soul eater, but do no damage.
The soul eater hits you.
Unknown command.
You closely miss the soul eater. Your headbutt misses the soul eater.
The soul eater hits you!
You hit the soul eater but do no damage.
There is a sudden explosion of sparks!
The soul eater is moderately wounded.
The orc warrior hits you from afar with a glaive!
* * * LOW HITPOINT WARNING * * *
You block the soul eater's attack.
Unknown command.
You slash the soul eater!
The soul eater is heavily wounded.
The soul eater draws from the surrounding life force!
You die...

...........## #...# ####
.......#.#.######..####..#
............##..........##
.............##.......###
.#......##.###.....###
##....##### #.....# ..
###.o.# ##.#.## #.#
####....o###########
.###.##.#....{o3@[........
..#......#...#############
......#.....##
.........o.## .#.........#
........)..# .......)...#
. ...........# o.#
.........oo#..#


You could see a soul eater, an orc sorcerer, an orc warrior and an orc priest.

Vanquished Creatures
  An orc high priest (Orc:2)
  The ghost of 6a6kaBkacke the Protected, a novice MiBe of Trog (D:6)
  Pikel (D:6)
  An orc sorcerer (Orc:2)
  The ghost of Groucho the Magician, a novice DEAE of Sif Muna (D:8)
  A two-headed ogre (D:8)
  A troll (Orc:1)
  A shadow (D:8)
  Eustachio (D:4)
  A hungry ghost (D:7)
  A steam dragon (D:7)
  A warg (Orc:2)
  6 orc warriors
  2 slaves (D:6)
  An ice beast (D:6)
  3 black bears
  2 sky beasts
  A phantom (D:7)
  6 ogres
  A centaur (D:6)
  4 giant frogs
  4 scorpions
  A howler monkey (D:5)
  A crimson imp (D:7)
  2 jellies
  A quasit (D:8)
  5 hounds
  9 orc priests
  A gnoll shaman (D:8)
  10 orc wizards
  A giant frog skeleton (D:4)
  Crazy Yiuf (D:2)
  Ijyb (D:2)
  Natasha (twice) (D:2)
  6 iguanas
  5 worker ants
  2 howler monkey skeletons
  4 gnolls (D:8)
  8 adders
  2 shadow imps
  An ooze (D:3)
  3 worms
  A dart slug (D:3)
  12 giant geckos
  37 orcs
  5 bats
  6 giant cockroaches
  4 goblins
  3 hobgoblins (D:3)
  14 jackals
  4 quokkas
  2 ball pythons
  A giant gecko skeleton (D:4)
  9 giant newts
  6 kobolds
  A rat (D:1)
  A fungus (D:2)
214 creatures vanquished.

Vanquished Creatures (others)
  A slave (D:6)
1 creature vanquished.

Grand Total: 215 creatures vanquished

Notes
Turn   | Place    | Note
--------------------------------------------------------------
     0 | D:1      | Peloso the Minotaur Fighter began the quest for the Orb.
     0 | D:1      | Reached XP level 1. HP: 19/19 MP: 0/0
   536 | D:1      | Reached XP level 2. HP: 26/27 MP: 1/1
  1019 | D:2      | Noticed Ijyb
  1037 | D:2      | Killed Ijyb
  1037 | D:2      | Reached skill level 4 in Shields
  1037 | D:2      | Reached XP level 3. HP: 22/33 MP: 2/2
  1237 | D:2      | Noticed Natasha
  1244 | D:2      | Killed Natasha
  1244 | D:2      | Reached XP level 4. HP: 31/40 MP: 3/3
  1372 | D:2      | Found a basalt altar of Yredelemnul.
  1427 | D:2      | Found a white marble altar of Elyvilon.
  1794 | D:2      | Noticed Crazy Yiuf
  1801 | D:2      | Killed Crazy Yiuf
  1801 | D:2      | Reached XP level 5. HP: 47/47 MP: 4/4
  1914 | D:2      | Noticed Natasha
  1919 | D:2      | Killed Natasha
  1919 | D:2      | Reached skill level 1 in Dodging
  2042 | D:3      | Found a stormy altar of Qazlal.
  2247 | D:3      | Reached skill level 5 in Shields
  2258 | D:3      | Found a shattered altar of Ashenzari.
  2607 | D:4      | Noticed an ogre
  2616 | D:4      | Killed an ogre
  2616 | D:4      | Reached XP level 6. HP: 7/55 MP: 5/5
  2959 | D:4      | Reached skill level 5 in Fighting
  2959 | D:4      | Reached skill level 5 in Armour
  3001 | D:4      | Reached skill level 6 in Shields
  3097 | D:4      | Reached skill level 5 in Long Blades
  3097 | D:4      | Reached XP level 7. HP: 61/61 MP: 6/6
  3118 | D:4      | Found a bloodstained altar of Trog.
  3189 | D:4      | Noticed Eustachio
  3245 | D:4      | Killed Eustachio
  3767 | D:5      | Entered Level 5 of the Dungeon
  4178 | D:5      | Reached skill level 7 in Shields
  4240 | D:5      | Reached XP level 8. HP: 55/69 MP: 7/7
  4566 | D:6      | Found a deep blue altar of Sif Muna.
  4695 | D:6      | Found a stormy altar of Qazlal.
  4720 | D:6      | Noticed 6a6kaBkacke's ghost (novice MiBe)
  4732 | D:6      | Noticed Pikel
  4734 | D:6      | Killed 6a6kaBkacke's ghost
  4734 | D:6      | Reached skill level 8 in Shields
  4740 | D:6      | Killed Pikel
  4740 | D:6      | Reached XP level 9. HP: 38/78 MP: 8/8
  4755 | D:6      | Found an iron altar of Okawaru.
  4774 | D:6      | Got a smoking rapier
  4778 | D:6      | Became a worshipper of Warmaster Okawaru
  4779 | D:6      | Identified the +9 rapier of Dithmenos's Supremacy {drain, Str+3} (You found it on level 6 of the Dungeon)
  5072 | D:6      | Found a staircase to the Ecumenical Temple.
  5162 | D:6      | Reached skill level 9 in Shields
  5244 | Temple   | Entered the Ecumenical Temple
  5366 | D:7      | Reached * piety under Okawaru
  6075 | D:7      | Found a shimmering altar of Xom.
  6573 | D:8      | Noticed Groucho's ghost (novice DEAE)
  6600 | D:8      | Killed Groucho's ghost
  6600 | D:8      | Reached ** piety under Okawaru
  6600 | D:8      | Reached skill level 5 in Dodging
  6600 | D:8      | Reached skill level 10 in Shields
  6600 | D:8      | Reached XP level 10. HP: 81/86 MP: 6/9
  6755 | D:8      | Noticed an orange crystal statue
  6826 | D:8      | Noticed an obsidian statue
  6968 | D:8      | Found a blossoming altar of Fedhas.
  6968 | D:8      | Found an opulent altar of Gozag.
  7180 | D:8      | Found a glowing golden altar of the Shining One.
  7493 | D:9      | Noticed 6a6kaBkacke's ghost (novice MiBe)
  8278 | D:9      | Found a staircase to the Orcish Mines.
  8326 | Orc:1    | Entered Level 1 of the Orcish Mines
  8412 | Orc:2    | Entered Level 2 of the Orcish Mines
  8416 | Orc:2    | Found Umirekki's General Store.
  8430 | Orc:2    | Reached *** piety under Okawaru
  8756 | Orc:2    | Reached skill level 10 in Long Blades
  8843 | Orc:2    | Noticed an orc sorcerer
  8848 | Orc:2    | Noticed an orc high priest
  8849 | Orc:2    | Noticed an orc sorcerer
  8865 | Orc:2    | Noticed an orange demon
  8865 | Orc:2    | Killed an orc sorcerer
  8865 | Orc:2    | Reached skill level 11 in Shields
  8869 | Orc:2    | Noticed a soul eater
  8874 | Orc:2    | Noticed a sixfirhy
  8877 | Orc:2    | Noticed a smoke demon
  8882 | Orc:2    | Killed an orc high priest
  8882 | Orc:2    | Reached **** piety under Okawaru
  8882 | Orc:2    | Reached skill level 10 in Armour
  8882 | Orc:2    | Reached skill level 1 in Invocations
  8886 | Orc:2    | Killed from afar by a soul eater

Skill      XL: |  1  2  3  4  5  6  7  8  9 10 |
---------------+-------------------------------+-----
Fighting       | 4 5 6 7 8 |  8.2
Long Blades    | 3 4 5 6 7 9 10 | 10.4
Shields        | 4 5 6 7 8 10 11 | 11.2
Armour         | 4 5 7 8 10 | 10.1
Dodging        | 1 2 3 4 5 |  5.1
Invocations    | 1 |  1.0
Short Blades   | |  0.2
Stealth        | |  0.6

Action                   |  1- 3 |  4- 6 |  7- 9 | 10-12 || total
-------------------------+-------+-------+-------+-------++-------
Melee: Long sword        |    56 |   158 |   358 |   254 ||   826
       Headbutt          |    10 |    28 |    66 |    56 ||   160
       Rapier            |       |       |       |    16 ||    16
Invok: Heroism           |       |       |     3 |     4 ||     7
  Use: Scroll            |       |       |     4 |    15 ||    19
       Potion            |       |       |     1 |     1 ||     2
  Eat: Chunk             |     1 |     6 |    14 |     8 ||    29
Armor: Scale mail        |    29 |    22 |       |       ||    51
       Chain mail        |       |    60 |   140 |       ||   200
       Plate armour      |       |       |    15 |   132 ||   147
Dodge: Dodged            |    20 |    37 |    99 |    74 ||   230
Block: Shield            |    22 |   101 |   189 |   175 ||   487
       Reflection        |       |       |       |     2 ||     2
